Map: Pillars of Gold LE

Players

Pacomike - Winner!

  • Race: Protoss Protoss
  • League: Grandmaster
  • Spawn Location: 7:00

eGGz

  • Race: Zerg Zerg
  • League: Grandmaster
  • Spawn Location: 1:00

Event: DreamHack SC2 Masters 2020 Winter

VOD

Have the link to the VOD?

Description

Time

  • Played on: Oct. 16, 2020, 7:32 p.m.
  • Length: 13:11

All games in this series

Show
View Real Time Build Order
Export as new Build Order

Pacomike Protoss - Winner!

Build Orders: 1 Gate Expand, Oracle Opening, Chargelot Immortal 

Get SALT Encoding   

  12  0:00  Probe  
  13  0:12  Probe  
  14  0:19  Pylon  
  14  0:24  Probe  
  15  0:37  Probe (Chrono Boost)  
  15  0:42  Gateway  
  16  0:46  Probe (Chrono Boost)  
  16  0:48  Assimilator  
  17  0:51  Probe (Chrono Boost)  
  18  1:03  Probe  
  19  1:15  Probe  
  20  1:28  Nexus  
  20  1:39  Cybernetics Core, Probe  
  21  1:49  Pylon  
  21  1:51  Probe  
  21  1:54  Assimilator  
  22  2:04  Probe (Chrono Boost)  
  23  2:16  Stalker (Chrono Boost), Probe (Chrono Boost)  
  26  2:25  Probe (Chrono Boost)  
  27  2:30  Probe (Chrono Boost)  
  27  2:34  Stargate  
  28  2:42  Probe (Chrono Boost)  
  28  2:43  Adept (Chrono Boost)  
  30  2:46  Probe (Chrono Boost)  
  30  2:48  Probe (Chrono Boost)  
  33  2:53  Probe  
  33  2:54  Warp Gate  
  33  2:56  Probe  
  35  3:05  Probe  
  36  3:06  Gateway  
  36  3:08  Probe  
  37  3:15  Oracle (Chrono Boost)  
  37  3:17  Probe  
  41  3:21  Pylon, Probe  
  42  3:27  Assimilator  
  42  3:29  Probe  
  42  3:31  Assimilator  
  42  3:33  Probe  
  44  3:36  Void Ray (Chrono Boost)  
  44  3:41  Probe  
  44  3:45  Probe  
  50  3:54  Probe  
  51  3:56  Pylon  
  51  3:57  Probe  
  51  4:00  Adept  
  54  4:14  Probe x2  
  56  4:27  Probe x2  
  58  4:32  Pylon  
  58  4:38  Pylon  
  58  4:39  Probe x2  
  58  4:40  Nexus  
  60  4:47  Robotics Facility  
  60  4:51  Probe  
  60  4:52  Probe  
  62  4:54  Forge, Twilight Council  
  62  4:59  Shield Battery  
  62  5:03  Probe  
  62  5:04  Probe  
  64  5:09  Gateway  
  64  5:10  Gateway  
  64  5:11  Sentry x2  
  68  5:15  Protoss Ground Weapons Level 1 (Chrono Boost), Probe  
  68  5:16  Probe  
  70  5:27  Probe  
  71  5:32  Probe  
  71  5:35  Blink  
  72  5:39  Probe  
  72  5:41  Sentry x2  
  77  5:44  Probe  
  78  5:51  Probe  
  77  5:57  Probe  
  77  5:58  Probe  
  77  6:01  Pylon  
  77  6:04  Probe  
  78  6:05  Gateway, Pylon, Immortal (Chrono Boost)  
  78  6:06  Gateway, Pylon  
  78  6:09  Probe  
  83  6:12  Stalker x2  
  83  6:14  Probe  
  88  6:22  Probe  
  88  6:25  Assimilator x2  
  89  6:27  Probe  
  89  6:30  Gateway  
  90  6:34  Gateway  
  90  6:35  Probe  
  90  6:37  Immortal (Chrono Boost)  
  95  6:41  Probe  
  95  6:42  Sentry x2  
  95  6:43  Stalker x2  
  104  6:52  Probe  
  104  6:53  Probe  
  106  6:59  Stalker  
  108  7:03  Photon Cannon  
  108  7:05  Shield Battery  
  108  7:08  Pylon x3  
  108  7:09  Warp Prism (Chrono Boost)  
  110  7:17  Robotics Bay  
  110  7:19  Robotics Facility, Shield Battery  
  110  7:23  Pylon  
  110  7:24  Pylon  
  110  7:26  Adept  
  110  7:27  Stalker, Pylon  
  114  7:31  Charge  
  114  7:33  Stalker x2  
  114  7:36  Observer (Chrono Boost), Protoss Ground Weapons Level 2 (Chrono Boost)  
  119  7:50  Pylon  
  119  7:52  Stalker x4  
  119  7:54  Stalker  
  119  7:56  Stalker  
  131  8:07  Disruptor  
  131  8:08  Disruptor  
  131  8:11  Stalker x2  
  141  8:14  Photon Cannon  
  141  8:20  Shield Battery  
  139  8:32  Stalker x2  
  139  8:33  Stalker x4  
  141  8:43  Disruptor x2  
  147  8:49  Nexus  
  147  8:55  Shield Battery  
  147  8:57  Photon Cannon  
  147  9:03  Pylon  
  147  9:12  Photon Cannon  
  148  9:24  Probe x2  
  148  9:25  Photon Cannon, Immortal (Chrono Boost)  
  148  9:26  Photon Cannon, Immortal (Chrono Boost)  
  155  9:53  Zealot x2  
  155  9:54  Zealot x6  
  155  9:57  Observer x2  
  163  10:14  Stalker x4  
  163  10:15  Stalker x4  
  163  10:20  Templar Archives  
  170  10:32  Immortal x2  
  166  10:42  Zealot x6  
  157  10:43  Zealot  
  145  10:55  Stalker  
  145  11:03  Stalker x3  
  145  11:04  Stalker x4  
  127  11:17  Assimilator x2  
  127  11:19  Gateway  
  127  11:21  Gateway  
  127  11:22  Stalker, Pylon  
  129  11:25  Psionic Storm  
  129  11:38  High Templar x4  
  137  11:40  Adept  
  137  11:42  Probe x3  
  137  11:45  High Templar  
  137  11:46  High Templar, Zealot  
  137  11:47  Immortal (Chrono Boost)  
  148  11:53  Archon, Immortal (Chrono Boost)  
  156  12:02  Pylon  
  156  12:17  Zealot x2  
  156  12:18  Zealot x8  
  156  12:19  Immortal (Chrono Boost)  
  180  12:33  Immortal (Chrono Boost)  
  166  12:40  Zealot  
  166  12:41  Zealot x6  
  166  12:42  Zealot x2  
  178  12:46  Zealot  
  176  13:03  High Templar, Stalker x4  
  174  13:06  Archon x2  
Show
View Real Time Build Order
Export as new Build Order

eGGz Zerg 

Build Orders: Hatch First, Roach Hydra 

Get SALT Encoding   

  12  0:00  Drone  
  13  0:15  Overlord  
  13  0:19  Drone  
  14  0:34  Drone  
  15  0:36  Drone  
  16  0:50  Hatchery  
  16  0:53  Drone  
  16  0:57  Drone  
  16  1:02  Drone  
  18  1:07  Extractor  
  17  1:16  Spawning Pool  
  16  1:20  Drone  
  16  1:23  Drone  
  18  1:35  Drone  
  19  1:51  Drone  
  20  1:56  Drone  
  21  2:03  Queen x2  
  21  2:05  Zergling x4  
  27  2:13  Overlord  
  27  2:16  Drone  
  27  2:20  Metabolic Boost  
  28  2:27  Overlord  
  28  2:32  Drone  
  28  2:35  Drone  
  30  2:37  Drone  
  31  2:45  Drone  
  32  2:52  Drone  
  32  2:56  Hatchery  
  32  2:58  Overlord  
  32  3:00  Drone  
  33  3:07  Drone  
  33  3:11  Queen  
  36  3:17  Drone x3  
  39  3:20  Drone x2  
  39  3:22  Drone  
  42  3:28  Spore Crawler  
  42  3:31  Drone x3  
  44  3:41  Overlord  
  44  3:44  Overlord  
  44  3:48  Overlord  
  45  4:02  Drone  
  45  4:03  Drone, Roach Warren  
  45  4:04  Drone x3  
  45  4:09  Drone x2  
  50  4:15  Drone  
  48  4:18  Drone x2  
  48  4:19  Drone x2  
  51  4:27  Spore Crawler  
  51  4:28  Drone x2  
  51  4:34  Drone x2  
  51  4:35  Drone  
  54  4:39  Lair  
  54  4:40  Drone x3  
  54  4:41  Spore Crawler  
  54  4:45  Extractor x2  
  53  4:50  Drone x2  
  53  4:52  Drone x4  
  59  4:53  Evolution Chamber  
  58  5:03  Overlord  
  58  5:04  Drone x2  
  58  5:05  Drone x2  
  62  5:11  Drone  
  63  5:14  Queen  
  63  5:15  Overlord  
  63  5:20  Overlord  
  65  5:22  Extractor x2, Zergling x2  
  65  5:23  Zergling x8  
  65  5:27  Drone  
  69  5:29  Drone x3  
  69  5:30  Extractor  
  69  5:31  Zerg Missile Weapons Level 1  
  69  5:33  Drone  
  72  5:39  Drone  
  72  5:40  Hydralisk Den  
  72  5:41  Drone  
  73  5:45  Drone  
  73  5:56  Drone x3  
  73  5:57  Drone x3  
  76  6:00  Drone  
  76  6:04  Hatchery  
  76  6:07  Glial Reconstitution  
  76  6:08  Drone x7  
  83  6:14  Pneumatized Carapace, Grooved Spines  
  83  6:20  Roach x3  
  89  6:26  Overlord  
  89  6:30  Overlord  
  89  6:33  Overlord  
  89  6:35  Overlord  
  89  6:39  Overlord  
  89  6:44  Overseer  
  89  6:49  Hydralisk x8  
  89  6:53  Roach  
  106  6:56  Roach  
  106  7:01  Hydralisk x4  
  108  7:08  Roach x4  
  124  7:15  Hydralisk  
  124  7:16  Infestation Pit, Hydralisk x2  
  124  7:18  Drone x2  
  124  7:20  Drone  
  132  7:24  Hydralisk x2  
  132  7:28  Overlord  
  132  7:29  Overlord  
  136  7:31  Muscular Augments  
  136  7:40  Overlord  
  136  7:48  Hydralisk x2  
  136  7:49  Roach x4, Hydralisk x2  
  151  7:56  Spore Crawler, Overlord  
  151  7:58  Hive  
  150  7:59  Hydralisk x2  
  148  8:06  Roach x4  
  150  8:19  Roach, Hydralisk x3  
  159  8:20  Roach x3  
  159  8:23  Overlord  
  159  8:25  Overlord  
  157  8:32  Overlord  
  139  8:37  Overlord, Hydralisk x2  
  139  8:38  Roach x4  
  148  8:51  Drone x6  
  148  8:52  Drone x4  
  158  9:00  Lurker Den  
  158  9:01  Zerg Missile Weapons Level 2  
  157  9:05  Evolution Chamber  
  157  9:07  Overseer  
  157  9:08  Extractor  
  155  9:11  Viper  
  155  9:13  Extractor  
  155  9:14  Hydralisk x2  
  155  9:16  Roach  
  163  9:21  Zergling x12, Roach  
  163  9:22  Roach x2  
  175  9:33  Drone, Spore Crawler  
  175  9:34  Drone x3  
  175  9:36  Drone x2  
  175  9:37  Overlord  
  175  9:38  Hatchery  
  179  9:46  Viper  
  179  9:48  Overlord  
  180  9:56  Hydralisk x2  
  180  9:57  Hatchery, Roach x3, Hydralisk  
  181  10:07  Roach x2, Hydralisk x2  
  165  10:08  Roach  
  155  10:19  Roach x2, Hydralisk x3  
  155  10:20  Roach x2  
  157  10:33  Roach x4  
  134  10:43  Roach x4  
  134  10:44  Roach x2  
  136  10:51  Roach x3  
  126  11:09  Roach x6  
  130  11:15  Roach x2  
  134  11:25  Roach x3  
  140  11:27  Roach x2  
  140  11:28  Roach  
  146  11:37  Roach x4  
  154  11:49  Roach x4  
  154  11:50  Roach  
  154  11:52  Drone x2  
  166  12:02  Roach x4  
  174  12:17  Spawning Pool  
  174  12:19  Overlord  
  174  12:20  Roach  
  129  12:44  Roach x2  
  129  12:45  Roach x8  
Tags
 
Add a new tag
Caveats
  • Supply blocks, unpowered buildings, or Contaminate may cause inaccurate times.
  • Supply counts are checked every 10 seconds.